General information
- name: BNet
- type: Ladder team game (AT/RT)
- host: Battle.net
- saver: DOGSANDHORSE.RU
map: Highperch
- players: 6
- length: 24:08
- speed: Fast
- version: 1.24 W3XP
- replay type:

» download(170 KB)
Players
team 1 (loser)

»
avalonne (
red | 39 APM | 840 actions | 21:26)
2 Keeper of the Grove
1 Entangling Roots
1 Force of Nature
2 Warden
1 Shadow Strike
1 Blink
» actions
| Assign group hotkey | 2 | |
| Build / train | 45 | |
| Enter build submenu | 14 | |
| Enter hero's abilities submenu | 5 | |
| Right click | 498 | |
| Select / deselect | 223 | |
| Use ability | 53 | |
840 total
» units
| Wisp | 9 | |
| Glaive Thrower | 12 | |
| Huntress | 1 | |
| Druid of the Claw | 2 | |
| Chimaera | 4 | |
28 total
» upgrades
| Vorpal Blades | 1 | |
| Strength of the Wild | 1 | |
| Druid of the Claw Training | 1 | |
| Corrosive Breath | 1 | |
4 total
» buildings
| Altar of Elders | 1 | |
| Moon Well | 5 | |
| Ancient of War | 1 | |
| Hunter's Hall | 1 | |
| Tree of Ages | 1 | |
| Ancient of Lore | 1 | |
| Ancient of Wonders | 1 | |
| Ancient of Wind | 1 | |
| Tree of Eternity | 1 | |
| Chimaera Roost | 2 | |
15 total
» build order
00:22 Altar of Elders
00:37 Moon Well
01:35 Ancient of War
01:45 Hunter's Hall
02:37 Moon Well
04:06 Tree of Ages
07:53 Moon Well
08:55 Ancient of Lore
10:57 Ancient of Wonders
13:51 Ancient of Wind
16:03 Tree of Eternity
17:35 Moon Well
18:15 Moon Well
18:38 Chimaera Roost
18:43 Chimaera Roost
» items
| Dust of Appearance | 1 | |
| Potion of Healing | 3 | |
4 total
HPIT (
purple | 109 APM | 2630 actions | 24:06)
4 Blademaster
2 Wind Walk
2 Critical Strike
2 Shadow Hunter
1 Hex
1 Serpent Ward
» actions
| Assign group hotkey | 8 | |
| Basic commands | 10 | |
| Build / train | 49 | |
| Enter build submenu | 23 | |
| Enter hero's abilities submenu | 6 | |
| Give item / drop item | 2 | |
| Remove unit from queue | 4 | |
| Right click | 978 | |
| Select / deselect | 339 | |
| Select group hotkey | 1126 | |
| Use ability | 85 | |
2630 total
» units
| Peon | 10 | |
| Demolisher | 5 | |
| Troll Headhunter/Berserker | -1 | |
| Wind Rider | 4 | |
| Shaman | 1 | |
| Troll Batrider | 3 | |
22 total
» upgrades
| Ranged Weapons | 2 | |
| Burning Oil | 1 | |
| Armor | 1 | |
| Shaman Training | 2 | |
| Reinforced Defenses | 1 | |
7 total
» buildings
| Orc Burrow | 5 | |
| Altar of Storms | 1 | |
| Barracks | 2 | |
| Voodoo Lounge | 1 | |
| War Mill | 1 | |
| Stronghold | 1 | |
| Beastiary | 2 | |
| Fortress | 1 | |
| Watch Tower | 7 | |
| Spirit Lodge | 1 | |
22 total
» build order
00:08 Orc Burrow
00:11 Altar of Storms
00:55 Orc Burrow
01:31 Barracks
01:55 Voodoo Lounge
02:30 War Mill
03:08 Stronghold
03:37 Orc Burrow
04:47 Barracks
08:45 Beastiary
09:57 Beastiary
10:40 Fortress
10:49 Watch Tower
10:51 Watch Tower
10:57 Orc Burrow
12:01 Watch Tower
13:38 Orc Burrow
14:17 Watch Tower
15:05 Spirit Lodge
15:57 Watch Tower
17:52 Watch Tower
19:38 Watch Tower
» items
| Boots of Speed | 1 | |
| Lesser Clarity Potion | 2 | |
| Healing Salve | 1 | |
| Potion of Healing | 1 | |
| Orb of Lightning | 1 | |
6 total

»
Sighia (
yellow | 43 APM | 930 actions | 21:30)
4 Death Knight
2 Death Coil
2 Unholy Aura
» actions
| Assign group hotkey | 21 | |
| Basic commands | 12 | |
| Build / train | 49 | |
| Enter build submenu | 16 | |
| Enter hero's abilities submenu | 4 | |
| Remove unit from queue | 1 | |
| Right click | 438 | |
| Select / deselect | 227 | |
| Select group hotkey | 114 | |
| Use ability | 48 | |
930 total
» units
| Acolyte | 5 | |
| Ghoul | 3 | |
| Crypt Fiend | 8 | |
| Meatwagon | 12 | |
| Obsidian Statue | 1 | |
29 total
» upgrades
| Creature Attack | 2 | |
| Web | 1 | |
| Creature Carapace | 1 | |
| Burrow | 1 | |
| Disease Cloud | 1 | |
6 total
» buildings
| Altar of Darkness | 1 | |
| Ziggurat | 8 | |
| Crypt | 1 | |
| Graveyard | 1 | |
| Halls of the Dead | 1 | |
| Slaughterhouse | 2 | |
| Tomb of Relics | 1 | |
| Nerubian Tower | 2 | |
| Sacrificial Pit | 1 | |
| Black Citadel | 1 | |
| Spirit Tower | 2 | |
21 total
» build order
00:11 Altar of Darkness
00:15 Ziggurat
00:37 Crypt
01:01 Graveyard
01:25 Ziggurat
04:00 Halls of the Dead
04:38 Ziggurat
04:40 Ziggurat
06:20 Ziggurat
06:30 Slaughterhouse
07:18 Tomb of Relics
07:31 Nerubian Tower
07:33 Nerubian Tower
11:47 Sacrificial Pit
12:08 Ziggurat
13:41 Ziggurat
13:47 Slaughterhouse
16:59 Black Citadel
18:06 Ziggurat
21:26 Spirit Tower
21:27 Spirit Tower
» items
| Dust of Appearance | 1 | |
| Potion of Healing | 1 | |
2 total
team 2 (winner)
DOGSANDHORSE.RU (
teal | 118 APM | 2844 actions | 24:08)
5 Blademaster
2 Wind Walk
3 Critical Strike
» actions
| Assign group hotkey | 6 | |
| Basic commands | 4 | |
| Build / train | 89 | |
| Enter build submenu | 12 | |
| Enter hero's abilities submenu | 6 | |
| Give item / drop item | 11 | |
| Right click | 2211 | |
| Select / deselect | 237 | |
| Select group hotkey | 136 | |
| Use ability | 132 | |
2844 total
» units
» upgrades
| Ranged Weapons | 2 | |
| Liquid Fire | 1 | |
3 total
» buildings
| Altar of Storms | 1 | |
| Orc Burrow | 4 | |
| Voodoo Lounge | 2 | |
| Stronghold | 1 | |
| Beastiary | 2 | |
| Fortress | 1 | |
| War Mill | 1 | |
12 total
» build order
00:12 Altar of Storms
00:20 Orc Burrow
01:29 Voodoo Lounge
02:33 Voodoo Lounge
03:07 Orc Burrow
03:59 Orc Burrow
05:00 Orc Burrow
05:28 Stronghold
08:40 Beastiary
08:45 Beastiary
08:52 Fortress
08:54 War Mill
» items
| Lesser Clarity Potion | 25 | |
| Healing Salve | 6 | |
| Boots of Speed | 2 | |
| Staff of Teleportation | 1 | |
| Dust of Appearance | 2 | |
| Orb of Lightning | 4 | |
| Potion of Lesser Invulnerability | 1 | |
| Scroll of Town Portal | 1 | |
| Potion of Mana | 1 | |
| Potion of Healing | 4 | |
47 total
nutsonyochin.de (
green | 70 APM | 1700 actions | 24:07)
3 Archmage
2 Blizzard
1 Brilliance Aura
» actions
| Assign group hotkey | 6 | |
| Basic commands | 13 | |
| Build / train | 96 | |
| ESC pressed | 1 | |
| Enter build submenu | 61 | |
| Enter hero's abilities submenu | 3 | |
| Give item / drop item | 1 | |
| Right click | 885 | |
| Select / deselect | 236 | |
| Select group hotkey | 181 | |
| Use ability | 216 | |
1700 total
» units
» upgrades
| Masonry | 3 | |
| Lumber Harvesting | 1 | |
| Magic Sentry | 1 | |
5 total
» buildings
| Farm | 7 | |
| Lumber Mill | 1 | |
| Altar of Kings | 1 | |
| Scout Tower | 95 | |
| Arcane Tower | 2 | |
| Guard Tower | 38 | |
| Town Hall | 1 | |
| Keep | 1 | |
| Castle | 1 | |
| Arcane Sanctum | 1 | |
148 total
» build order
00:23 Farm
00:33 Lumber Mill
00:51 Altar of Kings
00:57 Scout Tower
01:05 Scout Tower
01:34 Arcane Tower
01:46 Guard Tower
01:48 Scout Tower
01:53 Scout Tower
02:14 Farm
02:21 Guard Tower
02:27 Guard Tower
02:39 Scout Tower
03:02 Scout Tower
03:12 Guard Tower
03:23 Scout Tower
03:52 Guard Tower
03:53 Scout Tower
03:54 Scout Tower
03:55 Scout Tower
03:56 Scout Tower
03:56 Scout Tower
04:29 Guard Tower
04:31 Scout Tower
04:46 Guard Tower
04:48 Scout Tower
05:19 Scout Tower
05:20 Scout Tower
05:31 Guard Tower
05:35 Town Hall
05:59 Scout Tower
06:03 Scout Tower
06:06 Scout Tower
06:07 Scout Tower
06:20 Farm
06:24 Farm
06:31 Guard Tower
07:13 Scout Tower
07:13 Scout Tower
07:14 Scout Tower
07:15 Scout Tower
07:16 Scout Tower
07:17 Scout Tower
07:18 Keep
07:30 Guard Tower
07:42 Guard Tower
08:09 Guard Tower
08:11 Guard Tower
08:14 Arcane Tower
08:18 Farm
08:19 Farm
08:46 Guard Tower
10:45 Castle
10:46 Guard Tower
10:52 Scout Tower
10:53 Scout Tower
10:54 Scout Tower
10:55 Scout Tower
10:56 Scout Tower
10:56 Scout Tower
10:57 Scout Tower
11:02 Scout Tower
11:04 Scout Tower
11:05 Scout Tower
11:05 Scout Tower
11:06 Scout Tower
11:07 Scout Tower
11:07 Scout Tower
11:08 Scout Tower
11:08 Scout Tower
11:09 Scout Tower
11:41 Scout Tower
11:42 Scout Tower
11:42 Scout Tower
11:43 Scout Tower
11:45 Arcane Sanctum
11:58 Guard Tower
12:02 Guard Tower
12:06 Scout Tower
12:07 Scout Tower
12:08 Scout Tower
12:09 Scout Tower
12:42 Guard Tower
12:54 Farm
13:20 Guard Tower
13:22 Scout Tower
13:23 Scout Tower
13:23 Scout Tower
13:24 Scout Tower
14:16 Guard Tower
14:16 Guard Tower
14:19 Guard Tower
14:24 Guard Tower
14:26 Scout Tower
14:26 Scout Tower
14:27 Scout Tower
14:27 Scout Tower
14:28 Scout Tower
14:28 Scout Tower
14:29 Scout Tower
14:30 Scout Tower
14:31 Scout Tower
14:31 Scout Tower
14:32 Scout Tower
14:33 Scout Tower
14:33 Scout Tower
14:38 Guard Tower
14:41 Guard Tower
14:57 Guard Tower
15:10 Scout Tower
15:12 Guard Tower
15:16 Scout Tower
15:19 Scout Tower
15:34 Guard Tower
16:05 Scout Tower
16:05 Scout Tower
16:06 Scout Tower
16:10 Guard Tower
18:31 Scout Tower
18:32 Scout Tower
18:33 Scout Tower
18:33 Scout Tower
18:35 Scout Tower
18:37 Scout Tower
18:43 Scout Tower
18:44 Scout Tower
18:58 Scout Tower
18:59 Scout Tower
18:59 Scout Tower
19:01 Scout Tower
19:01 Scout Tower
19:02 Scout Tower
19:07 Scout Tower
19:08 Scout Tower
19:08 Scout Tower
19:09 Scout Tower
19:10 Scout Tower
19:10 Scout Tower
19:34 Guard Tower
19:35 Scout Tower
19:37 Guard Tower
19:40 Guard Tower
19:56 Guard Tower
20:07 Guard Tower
20:17 Guard Tower
20:31 Guard Tower
21:21 Guard Tower
21:22 Guard Tower
» items
| Staff of Teleportation | 1 | |
| Boots of Speed | 1 | |
| Dust of Appearance | 1 | |
| Healing Salve | 4 | |
| Lesser Clarity Potion | 6 | |
| Potion of Healing | 4 | |
| Potion of Mana | 2 | |
| Scroll of Speed | 1 | |
| Orb of Lightning | 1 | |
21 total
TandoiTRS-80 (
orange | 117 APM | 2826 actions | 24:07)
3 Mountain King
2 Storm Bolt
1 Bash
1 Paladin
1 Holy Light
» actions
| Assign group hotkey | 250 | |
| Basic commands | 1 | |
| Build / train | 144 | |
| ESC pressed | 2 | |
| Enter build submenu | 85 | |
| Enter hero's abilities submenu | 4 | |
| Give item / drop item | 4 | |
| Remove unit from queue | 6 | |
| Right click | 1500 | |
| Select / deselect | 310 | |
| Select group hotkey | 331 | |
| Use ability | 189 | |
2826 total
» units
| Peasant | 41 | |
| Gryphon Rider | 1 | |
| Dragonhawk Rider | 2 | |
44 total
» upgrades
| Masonry | 3 | |
| Lumber Harvesting | 2 | |
| Magic Sentry | 1 | |
| Animal War Training | 1 | |
| Swords | 2 | |
| Armor | 1 | |
| Cloud | 1 | |
11 total
» buildings
| Altar of Kings | 1 | |
| Farm | 5 | |
| Lumber Mill | 1 | |
| Scout Tower | 74 | |
| Arcane Tower | 11 | |
| Guard Tower | 37 | |
| Keep | 3 | |
| Town Hall | 1 | |
| Arcane Sanctum | 1 | |
| Castle | 2 | |
| Blacksmith | 1 | |
| Barracks | 1 | |
| Gryphon Aviary | 2 | |
| Arcane Vault | 1 | |
141 total
» build order
00:02 Altar of Kings
00:04 Farm
00:32 Lumber Mill
01:00 Scout Tower
01:02 Scout Tower
01:06 Scout Tower
01:30 Arcane Tower
01:31 Arcane Tower
01:42 Scout Tower
01:49 Scout Tower
01:57 Farm
02:05 Guard Tower
02:06 Guard Tower
02:20 Scout Tower
02:23 Scout Tower
02:44 Guard Tower
02:45 Guard Tower
02:45 Guard Tower
02:48 Guard Tower
02:49 Guard Tower
02:49 Guard Tower
02:53 Scout Tower
03:00 Scout Tower
03:01 Guard Tower
03:02 Guard Tower
03:45 Guard Tower
03:45 Guard Tower
03:47 Scout Tower
03:48 Scout Tower
04:32 Scout Tower
04:32 Scout Tower
04:34 Guard Tower
04:36 Keep
04:36 Keep
04:36 Keep
04:55 Scout Tower
04:56 Scout Tower
05:11 Farm
05:12 Farm
05:30 Guard Tower
05:35 Scout Tower
05:36 Scout Tower
06:06 Scout Tower
06:06 Guard Tower
06:26 Town Hall
06:36 Scout Tower
06:38 Guard Tower
08:32 Guard Tower
08:32 Guard Tower
08:35 Scout Tower
08:36 Scout Tower
09:57 Guard Tower
10:16 Scout Tower
10:17 Scout Tower
10:38 Scout Tower
10:39 Scout Tower
10:53 Scout Tower
10:54 Scout Tower
10:56 Scout Tower
11:00 Scout Tower
11:01 Scout Tower
11:09 Guard Tower
11:12 Scout Tower
11:13 Scout Tower
11:15 Scout Tower
11:16 Scout Tower
11:17 Scout Tower
11:18 Scout Tower
11:32 Arcane Tower
11:33 Arcane Tower
11:33 Arcane Tower
11:45 Arcane Sanctum
11:51 Guard Tower
12:00 Arcane Tower
12:00 Arcane Tower
12:01 Arcane Tower
12:02 Guard Tower
12:07 Scout Tower
12:08 Scout Tower
12:09 Scout Tower
12:09 Scout Tower
12:11 Guard Tower
12:38 Guard Tower
12:47 Arcane Tower
13:31 Guard Tower
13:39 Castle
14:40 Scout Tower
14:42 Scout Tower
14:43 Scout Tower
14:44 Scout Tower
14:46 Scout Tower
14:46 Scout Tower
16:33 Guard Tower
17:51 Blacksmith
17:53 Barracks
17:57 Gryphon Aviary
17:57 Gryphon Aviary
18:44 Scout Tower
18:45 Scout Tower
18:46 Scout Tower
18:47 Scout Tower
18:52 Scout Tower
18:53 Scout Tower
19:17 Guard Tower
19:20 Guard Tower
19:49 Scout Tower
19:50 Scout Tower
19:51 Scout Tower
19:52 Scout Tower
19:53 Scout Tower
20:05 Arcane Vault
20:11 Guard Tower
20:22 Guard Tower
20:46 Guard Tower
22:00 Farm
22:08 Scout Tower
22:09 Scout Tower
22:10 Scout Tower
22:11 Scout Tower
22:12 Scout Tower
22:13 Scout Tower
22:14 Scout Tower
22:17 Guard Tower
22:17 Guard Tower
22:31 Scout Tower
22:32 Scout Tower
22:57 Guard Tower
23:31 Guard Tower
23:37 Scout Tower
23:38 Scout Tower
23:39 Scout Tower
23:40 Scout Tower
23:40 Scout Tower
23:41 Scout Tower
23:42 Scout Tower
23:43 Scout Tower
» items
| Lesser Clarity Potion | 4 | |
| Scroll of Speed | 1 | |
| Healing Salve | 3 | |
| Orb of Lightning | 1 | |
| Boots of Speed | 1 | |
| Staff of Teleportation | 1 | |
| Periapt of Vitality | 1 | |
| Potion of Healing | 1 | |
13 total
Chat log
(00:40 / Allies) nutsonyochin.de: firends 4 life through thick and thin
(00:43 / Allies) nutsonyochin.de: its another tale spin
(02:04 / All) nutsonyochin.de: bear_and grin it if ur in it
(02:11 / All) avalonne: ok
(02:18 / All) nutsonyochin.de: u can win it in a minute
(02:21 / All) avalonne: i dryad
(15:10 / All) DOGSANDHORSE.RU: nice dust
(15:11 / All) DOGSANDHORSE.RU: shitface
(15:23 / All) nutsonyochin.de: plz
(15:24 / All) DOGSANDHORSE.RU: ty
(15:24 / All) nutsonyochin.de: hold on
(16:01 / All) DOGSANDHORSE.RU: manner
(20:50 / All) DOGSANDHORSE.RU: tp ud ?????
(21:41 / All) DOGSANDHORSE.RU: leavenow
(22:16 / All) DOGSANDHORSE.RU: sorry youlose leavenow
(23:18 / All) DOGSANDHORSE.RU: youshittrash
(23:20 / All) DOGSANDHORSE.RU: you try to bat
(23:23 / All) DOGSANDHORSE.RU: and get batted